 Dungeon Crawl Stone Soup version 0.30-a0-439-g9e77e4d916 (webtiles) character file.

Game seed: 8492133273554782234

58 rocky1 the Shield-Bearer (level 4, -4/40 HPs)
             Began as a Hill Orc Fighter on Dec 11, 2022.
             Slain by a gnoll
             ... wielding a +0 halberd
              (8 damage)
             ... on level 2 of the Dungeon.
             The game lasted 00:02:19 (1450 turns).

rocky1 the Shield-Bearer (Hill Orc Fighter)         Turns: 1450, Time: 00:02:20

Health: -4/40      AC:  6    Str: 20    XL:     4   Next: 1%
Magic:  4/4        EV:  9    Int:  8    God:
Gold:   30         SH:  4    Dex: 10    Spells: 3/3 levels left

rFire   . . .      SeeInvis .    a - +0 war axe
rCold   . . .      Faith    .    c - +0 buckler
rNeg    . . .      Spirit   .    b - +0 scale mail
rPois   .          Reflect  .    (no helmet)
rElec   .          Harm     .    (no cloak)
rCorr   .          Rampage  .    (no gloves)
Will    .....                    (no boots)
Stlth   ..........               o - amulet of the acrobat
HPRegen 0.26/turn                l - ring of flight
MPRegen 0.09/turn                (no ring)

@: flying
A: no striking features
a: no special abilities


You were on level 2 of the Dungeon.
You visited 1 branch of the dungeon, and saw 2 of its levels.

You collected 30 gold pieces.

Inventory:

Hand Weapons
 a - a +0 war axe (weapon)
Missiles
 m - 3 curare-tipped darts (quivered)
 n - 3 poisoned darts
Armour
 b - a +0 scale mail (worn)
 c - a +0 buckler (worn)
Jewellery
 l - a ring of flight (left hand)
 o - an amulet of the acrobat (around neck)
Scrolls
 f - a scroll of vulnerability {unknown}
 h - 3 scrolls of identify {unknown}
 i - a scroll of magic mapping {unknown}
 q - a scroll of teleportation {unknown}
Potions
 d - a potion of might
 e - 2 potions of haste {unknown}
 g - a potion of heal wounds {unknown}
 j - a potion of mutation {unknown}
 k - a potion of lignification {unknown}
 p - a potion of cancellation {unknown}
 r - a potion of flight {unknown}
 s - a potion of curing {unknown}


   Skills:
 - Level 3.7 Fighting
 + Level 4.2 Axes
 - Level 3.3 Armour
 + Level 4.3 Shields


You had 3 spell levels left.
You didn't know any spells.
Your spell library was empty.

Dungeon Overview and Level Annotations

Branches:
Dungeon (2/15)

Altars:

Shops:
D:1 (


Message History

The gnoll shouts!
The bat completely misses you. You block the gnoll's attack.
You closely miss the kobold. You block the bat's attack.
The kobold completely misses you.
The gnoll hits you from afar with a +0 spear.
A gnoll comes into view. It is wielding a +0 spear.
You closely miss the kobold. The bat closely misses you. x2
The kobold hits you with a +0 whip. The gnoll closely misses you.
The gnoll hits you from afar with a +0 spear.
The bat hits you but does no damage. The kobold barely misses you.
The gnoll hits you from afar with a +0 spear.
The gnoll closely misses you.
You slash the gnoll!
The gnoll is almost dead.
You hit the kobold.
You kill the kobold!
You hit the bat.
You kill the bat!
The gnoll hits you with a +0 club. The gnoll completely misses you.
The gnoll closely misses you.
You hit the gnoll.
You kill the gnoll!
The gnoll barely misses you. x2
You have reached level 4!
There is an open door here.
The gnoll completely misses you. The gnoll misses you.
You block the gnoll's attack. The gnoll hits you but does no damage.
There is an open door here.
The gnoll closely misses you. The gnoll completely misses you.
There is an open door here.
You closely miss the gnoll. The gnoll hits you with a +0 halberd.
You block the gnoll's attack.
The gnoll hits you from afar with a +0 spear.
The gnoll hits you with a +0 halberd!
* * * LOW HITPOINT WARNING * * *
You hit the gnoll.
The gnoll is moderately wounded.
The gnoll hits you with a +0 halberd!
You die...

#.#### ##.....## #.....# #.##.##
##.......## ##.###.#
###.#...####.........####...##.##
#..........'.........'...........
..###†..####.........####...##.##
#..)#)...# ##.......## ##.##..#
..#.....## ##.....## ####.##
..###..## ##...## #.# ......##
##@## #.# #####.# #g# #.# #.# #g#
#.# #.# #.....g†.# #.# #.#
#........# #.# #.# #.##.....# #.#
# ##....# ...#.# ##.#..


You could see 3 gnolls.

Vanquished Creatures
  An adder (D:2)
  A gnoll (D:2)
  A dart slug (D:2)
  2 endoplasms (D:1)
  A giant cockroach (D:1)
  5 goblins
  A hobgoblin (D:1)
  3 jackals (D:2)
  A quokka (D:1)
  8 ball pythons
  4 bats
  4 kobolds
  3 rats (D:1)
35 creatures vanquished.

Notes
Turn   | Place    | Note
-------+----------+-------------------------------------------
     0 | D:1      | rocky1 the Hill Orc Fighter began the quest for the Orb.
     0 | D:1      | Reached XP level 1. HP: 19/19 MP: 1/1
   173 | D:1      | Found Fytereo's Antique Weapon Shoppe.
   176 | D:1      | Reached XP level 2. HP: 27/27 MP: 2/2
   979 | D:2      | Reached XP level 3. HP: 33/33 MP: 3/3
  1444 | D:2      | Reached XP level 4. HP: 23/40 MP: 4/4
  1450 | D:2      | Slain by a gnoll

Illustrated notes

Levels and vault maps discovered:
D:1:      dpeg_arrival_renting, layout_loops_ring, serial_shops,
          nicolae_shop_stone, chequers_serial_rivers_room_b
D:2:      layout_loops_corners, minmay_tetromino_l2

Skill      XL: |  1  2  3 |
---------------+----------+-----
Axes           | 3 4 |  4.2
Shields        | 4 |  4.3
Fighting       | |  3.7
Armour         | |  3.3

Action                   |  1- 3 |  4- 6 || total
-------------------------+-------+-------++-------
Melee: War axe           |    92 |     2 ||    94
Armor: Scale mail        |    38 |     1 ||    39
Dodge: Dodged            |    60 |     4 ||    64
Block: Buckler           |    17 |     2 ||    19

Table legend: (Time is in decaauts)
 A = Elapsed time spent in this place.
 B = Non-inter-level travel time spent in this place.
 C = Inter-level travel time spent in this place.
 D = Time resting spent in this place.
 E = Time spent auto-exploring this place.
 F = Levels seen in this place.
 G = Mean time per level.
                   A        B        C        D        E       F      G
               +--------+--------+--------+--------+--------+-----+--------+
         Total |   1489 |   1408 |     81 |     18 |   1141 |   2 |  744.5 |
       Dungeon |   1489 |   1408 |     81 |     18 |   1141 |   2 |  744.5 |
               +--------+--------+--------+--------+--------+-----+--------+

Top non-repeatable levels by time:
     D:1: 928 daAuts
     D:2: 561 daAuts
